 Dungeon Crawl Stone Soup version 0.24.0-123-gd5b16e6ec5 (webtiles) character file.

Game seed: 10355219003082485506, levelgen mode: deterministic

39673 mortelune the Fighter (level 14, 0/91 HPs)
             Began as a Gargoyle Fire Elementalist on Jan 4, 2020.
             Was a High Priest of Vehumet.
             Slain by a flying skull (4 damage)
             ... in a Gauntlet.
             The game lasted 01:08:18 (27968 turns).

mortelune the Fighter (Gargoyle Fire Elementalist) Turns: 27968, Time: 01:08:19

Health: 0/91       AC: 23    Str:  8    XL:     14   Next: 7%
Magic:  14/22      EV: 15    Int: 27    God:    Vehumet [*****.]
Gold:   990        SH:  6    Dex: 10    Spells: 4/24 levels left

rFire    . . .     SeeInvis .   a - +0 morningstar
rCold    + + .     Gourm    +   M - +2 buckler
rNeg     + + +     Faith    .   q - +2 robe {rC+}
rPois    ∞         Spirit   .   I - +1 helmet
rElec    +         Reflect  .   N - +0 cloak
rCorr    .         Harm     .   T - +0 pair of gloves
MR       +....     NoTele   +   (no boots)
Stlth    ++........             z - amulet of the gourmand
HPRegen  0.25/turn              G - ring "Jialurgho" {rF+ rN+ AC+3 Str-3}
MPRegen  0.18/turn              O - ring "Heleit Kio" {Ice *Drain rPois rN+++}

@: brilliant
A: big wings, negative energy resistance 1, electricity resistance, unbreathing,
petrification resistance, rot immunity, AC +10
a: Fly, Renounce Religion


You were in a Gauntlet.
You worshipped Vehumet.
Vehumet was extremely pleased with you.
You were not hungry.

You visited 2 branches of the dungeon, and saw 17 of its levels.
You also visited: Sewer and Gauntlet.

You collected 990 gold pieces.

Inventory:

Hand Weapons
 a - a +0 morningstar (weapon)
Missiles
 y - 374 stones (quivered)
Armour
 q - a +2 robe of cold resistance (worn)
 B - a scarf of repulsion
 I - a +1 helmet (worn)
 K - a +0 troll leather armour
 M - a +2 buckler (worn)
 N - a +0 cloak (worn)
 T - a +0 pair of gloves (worn)
Magical Staves
 b - an uncursed staff of energy
Jewellery
 f - an uncursed ring of see invisible
 n - an uncursed amulet of the acrobat {unknown}
 o - the ring "Sukiosh" {*Slow rCorr Dex+8}
   (You found it on level 6 of the Dungeon)

   [ring of resist corrosion]

   It affects your dexterity (+8).
   It provides partial protection from all sources of acid and corrosion.
   It may slow you when you take damage.
 z - an amulet of the gourmand (around neck)
 D - an uncursed ring of protection from cold
 G - the ring "Jialurgho" (left hand) {rF+ rN+ AC+3 Str-3}
   (You found it on level 5 of the Lair of Beasts)

   [ring of protection]

   It affects your AC (+3).
   It affects your strength (-3).
   It protects you from fire.
   It protects you from negative energy.
 O - the ring "Heleit Kio" (right hand) {Ice *Drain rPois rN+++}
   (You found it in a Gauntlet)

   [ring of ice]

   It enhances your ice magic.
   It makes you vulnerable to fire.
   It protects you from cold.
   It protects you from poison.
   It renders you almost immune to negative energy.
   It causes draining when unequipped.
 S - a +3 ring of strength
Wands
 h - a wand of enslavement (8)
 t - a wand of disintegration (13)
Scrolls
 d - 2 scrolls of identify
 e - 2 scrolls of teleportation
 k - 4 scrolls of enchant weapon
 r - 6 scrolls of remove curse
 u - 12 scrolls of fog
 w - 3 scrolls of magic mapping
 x - 4 scrolls of noise {unknown}
 A - 2 scrolls of torment {unknown}
 C - a scroll of amnesia
 E - 2 scrolls of vulnerability {unknown}
 F - 2 scrolls of fear {unknown}
 H - a scroll of summoning {unknown}
 P - a scroll of enchant armour {unknown}
 R - a scroll of immolation {unknown}
Potions
 g - a potion of cancellation
 l - 5 potions of flight
 m - 4 potions of mutation
 s - 2 potions of haste
 v - 4 potions of brilliance
 J - a potion of agility
 L - 2 potions of lignification
Miscellaneous
 Q - a phantom mirror
Comestibles
 c - 14 rations


   Skills:
 + Level 11.9 Fighting
 - Level 6.2 Maces & Flails
 - Level 10.7 Armour
 - Level 7.1 Dodging
 - Level 2.1 Stealth
 - Level 4.1 Shields
 + Level 5.6 Spellcasting
 * Level 10.2 Conjurations
 + Level 11.1 Fire Magic
 * Level 3.1 Earth Magic


You had 4 spell levels left.
You knew the following spells:

 Your Spells              Type           Power        Failure   Level  Hunger
a - Flame Tongue          Conj/Fire      #####        1%          1    None
b - Fireball              Conj/Fire      ######....   1%          5    #####..
c - Conjure Flame         Conj/Fire      ######..     1%          3    None
d - Sticky Flame          Conj/Fire      ######..     1%          4    ###....
e - Sandblast             Erth           #####.       1%          1    None
f - Iron Shot             Conj/Erth      ######....   8%          6    ######.

Your spell library contained the following spells:

 Spells                   Type           Power        Failure   Level  Hunger
 Infusion                 Chrm           ###.         1%          1    None
 Shroud of Golubria       Chrm/Tloc      ###...       1%          2    None
 Song of Slaying          Chrm           ###.....     1%          2    None
 Throw Flame              Conj/Fire      ######       1%          2    None
 Inner Flame              Hex/Fire       ######..     1%          3    None
 Regeneration             Chrm/Necr      ###.......   2%          3    None
 Spectral Weapon          Hex/Chrm       ###.....     2%          3    None


Dungeon Overview and Level Annotations

Branches:
Dungeon (11/15)            Temple (0/1) D:6            Lair (6/6) D:9
 Shoals (0/4) Lair:2        Snake (0/4) Lair:3        Slime (0/5) Lair:5
    Orc (0/2) D:10          Sewer (visited)         Gauntlet (1/1)

Altars:
Ashenzari
Elyvilon
Fedhas
Makhleb
Okawaru
Sif Muna
Vehumet
Wu Jian
Yredelemnul
Zin
The Shining One
Jiyva

Annotations:
D:7 Prince Ribbit
Lair:5 2 transporters Gauntlet 9 transporters, 15 runed translucent doors, exclusion: obsidian statue


Innate Abilities, Weirdness & Mutations

You are resistant to torment.
Your stone body is resilient. (AC +10)
You are immune to poison.
Your large and strong wings let you fly indefinitely.
You resist negative energy. (rN+)
You are resistant to electric shocks. (rElec)
You can survive without breathing.
You are immune to petrification.
You are immune to rotting.


Message History

Aim: a flying skull (heavily damaged)
Okay, then.
Casting: Flame Tongue (safe; 1% risk of failure)
Confirm with . or Enter, or press ? or * to list all spells.
Aiming: Sticky Flame (safe; 1% risk of failure)
Press: ? - help, Shift-Dir - straight line, f/p - flying skull
Aim: a flying skull (heavily damaged)
The sticky flame hits the flying skull but does no damage.
The flying skull is heavily damaged.
The flying skull is covered in liquid flames!
The flying skull burns!
You block the flying skull's attack. The flying skull hits you.
* * * LOW HITPOINT WARNING * * *
The flying skull barely misses you.
The flying skull hits you but does no damage. x2
You block the flying skull's attack.
The flying skull burns!
The flying skull hits you.
* * * LOW HITPOINT WARNING * * *
The flying skull hits you.
You die...

#≈...###########...........
##...#...)©?=..#...########
#≈...#.........#...##[?©.}#
##...#..#+++#..#...##..###.
#≈...#++#...#''#...#.##..#.
##.8.#..+...+..#.8.#.#.©#.#
#≈...#..+...+..#...##8##..#
##...#++#+#z#''#...##.#.##.
#≈...#.^+.@.zz.#...#.#.#..#
##...#..+.©zz..#...########
#≈...###########.....#.©.#.
##......#.©.#........#...#.
##.8...#.8.#...8....#.©.#.
#≈.....#.©.#.....#########
##...#########...#Y..=©[?w
#≈...#^..©)..#...#Y.......
##...#.#####.#...#..#PP.#.


You could see 5 flying skulls.

Vanquished Creatures
  An ice dragon (Lair:5)
  Fannar (Lair:2)
  Harold (D:10)
  7 hydras
  Erica (D:9)
  2 two-headed ogres
  3 death yaks (D:9)
  Nergalle (D:10)
  A necromancer (D:9)
  A manticore (Lair:2)
  2 oklob plants (Lair:2)
  10 elephants (Lair:4)
  A black mamba (Lair:3)
  A black mamba (shapeshifter) (Gauntlet)
  A torpor snail (Lair:2)
  9 spiny frogs
  A rime drake (Lair:1)
  5 komodo dragons
  A troll (D:8)
  A merfolk (D:9)
  A wind drake (shapeshifter) (Gauntlet)
  4 blink frogs (Lair:1)
  10 dream sheep
  7 hippogriffs
  5 flying skulls (Gauntlet)
  Eustachio (D:6)
  25 yaks
  Grum (D:10)
  6 basilisks
  2 wyverns
  A hungry ghost (D:10)
  A soldier ant (Lair:5)
  7 water moccasins
  9 porcupines
  2 ice beasts
  4 orc warriors
  A sky beast (shapeshifter) (Gauntlet)
  2 sky beasts (D:10)
  A necrophage (D:8)
  3 phantoms
  6 ogres
  6 wolves
  4 boggarts (D:11)
  4 centaurs
  8 crocodiles
  A big kobold (D:10)
  12 bullfrogs
  A scorpion (D:11)
  3 killer bees (D:9)
  4 wights (D:10)
  An electric eel (Lair:2)
  A jelly (D:9)
  2 crimson imps (D:5)
  A bullfrog zombie (D:8)
  4 hounds
  15 orc wizards
  3 centaur skeletons
  4 orc priests
  A bullfrog skeleton (D:7)
  An iguana (D:10)
  9 worker ants
  2 merfolk sirens (Sewer)
  A merfolk avatar (Sewer)
  3 yak simulacra (D:9)
  A killer bee zombie (D:7)
  4 wolf simulacra (D:9)
  A hound skeleton (D:9)
  A howler monkey zombie (D:8)
  3 worker ant zombies
  3 river rats (Sewer)
  14 adders
  5 shadow imps
  3 white imps (Lair:5)
  An adder zombie (D:8)
  2 worms
  A dart slug (D:1)
  9 leopard geckos
  36 orcs
  11 ball pythons
  5 bats
  8 giant cockroaches
  4 goblins (D:3)
  7 hobgoblins
  16 jackals
  8 kobolds
  8 quokkas
  9 frilled lizards
  A leopard gecko skeleton (D:5)
  A leopard gecko zombie (D:5)
  23 rats
  4 river rat simulacra (D:9)
  A fungus (Lair:4)
  2 plants (Lair:2)
433 creatures vanquished.

Vanquished Creatures (others)
  14 fungi
  17 plants
31 creatures vanquished.

Grand Total: 464 creatures vanquished

Notes
Turn   | Place    | Note
-------+----------+-------------------------------------------
     0 | D:1      | mortelune the Gargoyle Fire Elementalist began the quest
                  | for the Orb.
     0 | D:1      | Reached XP level 1. HP: 10/10 MP: 3/3
   190 | D:1      | Reached XP level 2. HP: 15/15 MP: 0/5
   198 | D:1      | Learned a level 2 spell: Throw Flame
   841 | D:1      | Reached XP level 3. HP: 18/19 MP: 0/6
  1447 | D:2      | Reached XP level 4. HP: 20/24 MP: 0/7
  1603 | D:2      | Found a glowing golden altar of the Shining One.
  2742 | D:3      | Found a radiant altar of Vehumet.
  2742 | D:3      | Found a blossoming altar of Fedhas.
  2760 | D:3      | Reached XP level 5. HP: 28/28 MP: 0/9
  2810 | D:3      | Became a worshipper of Vehumet
  3205 | D:3      | Found an ornate altar of the Wu Jian Council.
  3207 | D:3      | Found a white marble altar of Elyvilon.
  3382 | D:4      | Learned a level 3 spell: Conjure Flame
  3529 | D:4      | Noticed an ogre
  3664 | D:4      | Reached XP level 6. HP: 32/32 MP: 1/10
  3670 | D:4      | Learned a level 4 spell: Sticky Flame
  3824 | D:5      | Entered Level 5 of the Dungeon
  3831 | D:5      | Reached skill level 5 in Fire Magic
  4237 | D:5      | Reached XP level 7. HP: 36/36 MP: 0/12
  4333 | D:5      | Found a radiant altar of Vehumet.
  4450 | D:5      | Reached skill level 5 in Conjurations
  4510 | D:5      | Found an iron altar of Okawaru.
  5307 | D:4      | Reached * piety under Vehumet
  5307 | D:4      | Offered knowledge of Sandblast by Vehumet.
  5323 | D:5      | Learned a level 1 spell: Sandblast
  5496 | D:6      | Found a burning altar of Makhleb.
  5542 | D:6      | Found a glowing drain.
  5616 | Sewer    | Entered a sewer
  6243 | Sewer    | Reached ** piety under Vehumet
  6243 | Sewer    | Offered knowledge of Shock by Vehumet.
  6976 | D:6      | Got a fine platinum ring
  6979 | D:6      | Reached XP level 8. HP: 39/41 MP: 4/14
  7074 | D:6      | Identified the ring "Sukiosh" {*Slow rCorr Dex+8} (You
                  | found it on level 6 of the Dungeon)
  7110 | D:6      | Noticed Eustachio
  7118 | D:6      | Killed Eustachio
  7691 | D:6      | Found a staircase to the Ecumenical Temple.
  8693 | D:7      | Reached XP level 9. HP: 41/45 MP: 8/16
  8697 | D:7      | Offered knowledge of Searing Ray by Vehumet.
  8826 | D:7      | Learned a level 5 spell: Fireball
  8962 | D:7      | Reached *** piety under Vehumet
  8974 | D:7      | Reached skill level 5 in Spellcasting
  9930 | D:8      | Found a shimmering blue altar of Sif Muna.
  9931 | D:8      | Noticed a white ugly thing
  9932 | D:8      | Noticed Prince Ribbit
 10294 | D:8      | Reached skill level 1 in Maces & Flails
 10586 | D:8      | Reached skill level 1 in Fighting
 10589 | D:8      | Reached skill level 1 in Armour
 11875 | D:9      | Noticed Erica
 11881 | D:9      | Killed Erica
 11892 | D:9      | Noticed a two-headed ogre
 12021 | D:9      | Found a glowing silver altar of Zin.
 12077 | D:9      | Offered knowledge of Iskenderun's Mystic Blast by Vehumet.
 12106 | D:9      | Found a staircase to the Lair.
 12108 | D:9      | Noticed a death yak
 12108 | D:9      | Noticed a death yak
 12108 | D:9      | Noticed a death yak
 12110 | D:9      | Reached XP level 10. HP: 56/56 MP: 5/17
 12524 | D:8      | HP: 2/56 [troll (2)]
 12948 | D:9      | Reached skill level 5 in Maces & Flails
 13136 | Lair:1   | Entered Level 1 of the Lair of Beasts
 13351 | Lair:1   | Reached skill level 5 in Fighting
 13414 | Lair:1   | Reached skill level 5 in Armour
 13641 | Lair:1   | Noticed a spiny frog
 13658 | Lair:1   | Killed a spiny frog
 13658 | Lair:1   | Reached **** piety under Vehumet
 14025 | Lair:1   | Reached XP level 11. HP: 56/64 MP: 9/18
 14332 | Lair:1   | Reached skill level 5 in Dodging
 14482 | Lair:1   | Offered knowledge of Yara's Violent Unravelling by Vehumet.
 15066 | Lair:2   | Noticed a four-headed hydra
 15743 | Lair:2   | Noticed an oklob plant
 16330 | Lair:2   | Found a staircase to the Shoals.
 16330 | Lair:2   | Noticed a manticore
 16344 | Lair:2   | Killed a manticore
 16851 | Lair:2   | Killed a four-headed hydra
 17188 | Lair:2   | Noticed an oklob plant
 17729 | Lair:3   | Noticed a seven-headed hydra
 17730 | Lair:3   | Noticed a six-headed hydra
 17743 | Lair:3   | Noticed Fannar
 17766 | Lair:2   | Killed Fannar
 17766 | Lair:2   | Reached XP level 12. HP: 72/75 MP: 0/19
 18371 | Lair:3   | Killed a six-headed hydra
 18517 | Lair:3   | Killed a seven-headed hydra
 19248 | Lair:3   | Found a staircase to the Snake Pit.
 20214 | Lair:4   | Reached skill level 10 in Fighting
 20314 | Lair:4   | Reached skill level 10 in Armour
 21061 | Lair:4   | Reached XP level 13. HP: 83/83 MP: 14/20
 21662 | Lair:4   | Reached skill level 1 in Shields
 21930 | Lair:5   | Found a transporter.
 22106 | Lair:5   | Found a staircase to the Slime Pits.
 22106 | Lair:5   | Found a viscous altar of Jiyva.
 22152 | Lair:5   | Reached skill level 10 in Fire Magic
 22745 | Lair:5   | Found a transporter.
 22955 | Lair:5   | Got a transparent lead ring
 22957 | Lair:5   | Identified the ring "Jialurgho" {rF+ rN+ AC+3 Str-3} (You
                  | found it on level 5 of the Lair of Beasts)
 23047 | Lair:5   | Noticed an ice dragon
 23300 | Lair:5   | Killed an ice dragon
 23695 | Lair:6   | Entered Level 6 of the Lair of Beasts
 24004 | Lair:6   | Noticed an entropy weaver
 25492 | D:9      | Reached ***** piety under Vehumet
 25492 | D:9      | Offered knowledge of Iron Shot by Vehumet.
 25563 | D:9      | Learned a level 6 spell: Iron Shot
 25589 | D:9      | Found a shattered altar of Ashenzari.
 25590 | D:9      | Found a basalt altar of Yredelemnul.
 25668 | D:10     | Entered Level 10 of the Dungeon
 25855 | D:10     | Noticed Harold
 25864 | D:10     | Killed Harold
 25864 | D:10     | Reached skill level 1 in Earth Magic
 25875 | D:10     | Noticed Grum
 26036 | D:10     | Killed Grum
 26225 | D:10     | Noticed Nergalle
 26240 | D:10     | Killed Nergalle
 26504 | D:10     | Found a staircase to the Orcish Mines.
 26541 | D:10     | Reached skill level 10 in Conjurations
 27305 | D:10     | Gained mutation: Your large and strong wings let you fly
                  | indefinitely. [Gargoyle growth]
 27305 | D:10     | Reached XP level 14. HP: 91/91 MP: 6/22
 27403 | D:11     | Found a gate leading to a gauntlet.
 27422 | Gauntlet | Entered a Gauntlet
 27422 | Gauntlet | Found a transporter.
 27474 | Gauntlet | Found a transporter.
 27477 | Gauntlet | Found a transporter.
 27478 | Gauntlet | Found a transporter.
 27481 | Gauntlet | Found a transporter.
 27482 | Gauntlet | Found a transporter.
 27491 | Gauntlet | Found a transporter.
 27491 | Gauntlet | Found a transporter.
 27499 | Gauntlet | Found the +2 pair of boots of the Assassin {Detection Stab+
                  | Stlth++}
 27505 | Gauntlet | Found a large runed translucent door.
 27505 | Gauntlet | Found a large runed translucent door.
 27506 | Gauntlet | Found a large runed translucent door.
 27507 | Gauntlet | Found a large runed translucent door.
 27508 | Gauntlet | Found a runed translucent gate.
 27509 | Gauntlet | Found a transporter.
 27509 | Gauntlet | Found a runed translucent gate.
 27510 | Gauntlet | Found a runed translucent gate.
 27510 | Gauntlet | Found a large runed translucent door.
 27511 | Gauntlet | Found a large runed translucent door.
 27511 | Gauntlet | Found a large runed translucent door.
 27512 | Gauntlet | Found a large runed translucent door.
 27513 | Gauntlet | Found a large runed translucent door.
 27522 | Gauntlet | Found a large runed translucent door.
 27522 | Gauntlet | Found a large runed translucent door.
 27522 | Gauntlet | Found a runed translucent door.
 27522 | Gauntlet | Found a runed translucent door.
 27523 | Gauntlet | Found a large runed translucent door.
 27524 | Gauntlet | Found a large runed translucent door.
 27526 | Gauntlet | Found a transporter.
 27530 | Gauntlet | Found a transporter.
 27533 | Gauntlet | Found a large runed translucent door.
 27533 | Gauntlet | Found a large runed translucent door.
 27534 | Gauntlet | Found a runed translucent door.
 27534 | Gauntlet | Found a runed translucent door.
 27538 | Gauntlet | Found a transporter.
 27566 | Gauntlet | Found a large runed translucent door.
 27891 | Gauntlet | Got a steaming steel ring
 27896 | Gauntlet | Identified the ring "Heleit Kio" {Ice *Drain rPois rN+++}
                  | (You found it in a Gauntlet)
 27968 | Gauntlet | HP: 4/91 [flying skull (5)]
 27968 | Gauntlet | Slain by a flying skull

Levels and vault maps discovered:
D:1:      eino_arrival_cavern_e, layout_loops_ring
D:2:      layout_basic, lemuel_doored_altar
D:3:      layout_basic, chequers_temple_overflow_statue_of_worship,
          gammafunk_temple_overflow_wave
D:4:      layout_basic
D:5:      layout_loops_cross, overflow_temple_1_default, first_ration,
          basic_altar
D:6:      layout_layer_cave, old_standard_altar, temple_doors_e,
          portal_sewer_entry_a, corexii_item_surrounded_by_moat, uniq_eustachio
D:7:      layout_gridville
D:8:      layout_cave_pods, old_standard_altar, chequers_jeans,
          uniq_prince_ribbit1
D:9:      layout_basic, zin_academy, grunt_temple_overflow_open,
          dpeg_lair_monsters, hangedman_fish_farm, eino_house_with_fridge,
          uniq_erica
D:10:     layout_roguey, orc_0_dummy, uniq_nergalle, uniq_grum, uniq_harold
D:11:     layout_loops_ring, gauntlet_entry_generic, nooodl_orcs_dogs,
          uniq_erolcha, uniq_snorg, uniq_sonja
Lair:1:   layout_cave_pods
Lair:2:   layout_regular_city, minmay_shoals_entry_beasts, serial_bayou_shore_a,
          grunt_megastairs_4, minmay_lair_oklob_chamber, serial_bayou_shore_b
Lair:3:   layout_long_grid, dummy_snake_entry, grunt_megastairs_3, uniq_fannar
Lair:4:   layout_cave_pods
Lair:5:   gammafunk_cloud_chamber, layout_regular_city, slime_altar_1,
          bobbens_ice_dragon_lair
Lair:6:   grunt_lair_end_beastmaster, layout_misc_corridors,
          minmay_another_anthill
Gauntlet: minmay_gauntlet_mixed_oops_all_seconds
          [minmay_gauntlet_arena_77_checkered, gammafunk_gauntlet_arena_hedges,
          minmay_gauntlet_arena_77_shame_cube, gammafunk_gauntlet_arena_grid,
          minmay_gauntlet_arena_77_mess,
          minmay_gauntlet_arena_make_your_own_arena, gauntlet_exit_watery]

Skill      XL: |  1  2  3  4  5  6  7  8  9 10 11 12 13 14 |
---------------+-------------------------------------------+-----
Conjurations   | 2 3 4 6 7 8 10 | 10.2
Fire Magic     | 4 5 6 7 8 9 11 | 11.1
Spellcasting   | 3 4 5 |  5.6
Maces & Flails | 4 6 |  6.2
Fighting       | 3 5 8 10 11 | 11.9
Armour         | 3 5 8 10 | 10.7
Dodging        | 3 4 6 7 |  7.1
Shields        | 4 |  4.1
Earth Magic    | 2 3 |  3.1
Stealth        | |  2.1

Action                   |  1- 3 |  4- 6 |  7- 9 | 10-12 | 13-15 || total
-------------------------+-------+-------+-------+-------+-------++-------
Melee: Short sword       |    21 |    23 |       |       |       ||    44
       Long sword        |       |     9 |    49 |       |       ||    58
       Staff             |       |       |       |    31 |    11 ||    42
       Mace              |       |       |       |    14 |       ||    14
       Morningstar       |       |       |       |       |    68 ||    68
 Cast: Flame Tongue      |    29 |    70 |   149 |   343 |   222 ||   813
       Throw Flame       |    19 |    36 |   135 |    58 |       ||   248
       Conjure Flame     |       |     1 |     1 |     8 |     7 ||    17
       Sticky Flame      |       |       |     9 |    59 |    45 ||   113
       Sandblast         |       |       |     2 |       |     2 ||     4
       Fireball          |       |       |     3 |    51 |    76 ||   130
Evoke: Wand              |       |     1 |     6 |       |       ||     7
  Use: Scroll            |       |     6 |     6 |     6 |     3 ||    21
       Potion            |       |       |     3 |     4 |     6 ||    13
 Stab: Sleeping          |       |     1 |     1 |       |       ||     2
  Eat: Chunk             |     3 |    11 |    26 |    32 |    16 ||    88
       Ration            |       |       |     2 |       |     2 ||     4
Armor: Robe              |    12 |    14 |    54 |     5 |   135 ||   220
       Troll leather arm |       |       |       |    94 |    25 ||   119
Dodge: Dodged            |    23 |    36 |    80 |   180 |   224 ||   543
       Deflected         |       |       |       |    20 |       ||    20
Block: Buckler           |       |       |       |       |   103 ||   103
       Rpst.: Long sword |       |     9 |    21 |       |       ||    30
